Map: Frost LE

Players

Elazer - Winner!

  • Race: Zerg Zerg
  • League: Master

PtitDrogo

  • Race: Protoss Protoss

VOD

https://www.youtube.com/watch?v=DhqU3JcYADQ

Description

Time

  • Played on: Nov. 23, 2016, 2:48 p.m.
  • Length: 13:01
Show
View Real Time Build Order
Export as new Build Order

Elazer Zerg - Winner!

Build Orders: Hatch First 

Get SALT Encoding   

  12  0:00  Drone  
  13  0:12  Overlord  
  13  0:17  Drone  
  14  0:30  Drone x2  
  14  0:34  Drone  
  17  0:52  Hatchery  
  17  0:54  Drone  
  17  0:57  Drone  
  18  1:08  Extractor  
  17  1:13  Spawning Pool  
  17  1:15  Drone  
  17  1:18  Drone  
  18  1:27  Drone  
  19  1:46  Drone  
  19  1:47  Hatchery  
  19  2:03  Drone  
  19  2:05  Drone  
  19  2:06  Queen  
  23  2:10  Metabolic Boost  
  23  2:14  Drone  
  24  2:16  Drone  
  25  2:24  Drone  
  25  2:28  Drone  
  27  2:34  Overlord  
  27  2:38  Zergling x2  
  28  2:48  Pneumatized Carapace  
  28  2:52  Queen  
  28  2:53  Drone x3  
  33  2:58  Queen  
  33  3:02  Drone  
  36  3:07  Overlord  
  36  3:08  Drone  
  36  3:10  Drone  
  38  3:13  Drone  
  38  3:17  Drone x2  
  41  3:23  Drone  
  41  3:25  Drone  
  43  3:29  Queen  
  43  3:31  Overlord  
  43  3:34  Queen  
  45  3:36  Drone  
  45  3:37  Drone  
  45  3:40  Drone  
  50  3:43  Extractor  
  50  3:45  Drone  
  50  3:51  Overlord  
  50  3:52  Drone x3  
  50  3:53  Drone  
  54  3:56  Drone  
  54  3:59  Roach Warren  
  54  4:00  Drone  
  54  4:02  Drone x2  
  57  4:06  Extractor  
  57  4:09  Drone  
  57  4:11  Lair  
  57  4:15  Queen  
  59  4:18  Drone  
  59  4:19  Drone  
  59  4:22  Spore Crawler  
  60  4:24  Spore Crawler  
  60  4:25  Drone  
  60  4:26  Drone  
  60  4:28  Overlord  
  61  4:40  Roach x2  
  61  4:41  Overlord  
  61  4:43  Spore Crawler  
  66  4:45  Roach  
  66  4:46  Overlord  
  66  4:47  Roach x2  
  66  4:51  Roach x2  
  74  4:59  Queen  
  74  5:09  Drone  
  74  5:10  Overseer  
  74  5:11  Drone  
  74  5:12  Drone  
  75  5:14  Drone  
  75  5:15  Drone x2  
  75  5:16  Drone  
  75  5:18  Overlord  
  75  5:19  Drone  
  75  5:20  Drone x6  
  83  5:26  Overlord  
  83  5:27  Glial Reconstitution  
  83  5:32  Drone  
  83  5:33  Drone  
  85  5:44  Extractor  
  85  5:47  Drone x3  
  85  5:48  Evolution Chamber, Roach  
  85  5:49  Roach x2  
  92  5:52  Baneling Nest, Roach x2  
  92  5:53  Overseer  
  95  6:07  Drone x3  
  95  6:08  Drone x2  
  95  6:09  Overlord  
  100  6:14  Roach x3  
  100  6:15  Hatchery  
  105  6:21  Zerg Melee Weapons Level 1  
  105  6:23  Zergling x2  
  105  6:25  Overlord  
  106  6:29  Zergling x12  
  106  6:30  Ravager x2  
  106  6:31  Overlord  
  114  6:37  Overlord  
  102  6:48  Roach x6  
  102  6:52  Ravager x2  
  113  6:54  Ravager  
  113  6:57  Zergling x2  
  113  6:58  Zergling x8  
  113  7:00  Ravager  
  114  7:03  Overlord  
  114  7:08  Ravager  
  115  7:10  Zergling x6  
  115  7:11  Ravager  
  119  7:18  Baneling x2  
  119  7:20  Overlord  
  119  7:21  Zergling x2  
  119  7:24  Baneling x3  
  119  7:27  Zergling x4  
  119  7:28  Zergling x2  
  120  7:32  Baneling x2  
  114  7:40  Zergling x2  
  114  7:41  Zergling x10  
  104  7:48  Roach x3  
  104  7:51  Roach x2  
  113  7:54  Roach  
  114  8:01  Roach x2  
  118  8:07  Roach  
  118  8:10  Overlord  
  116  8:13  Roach  
  116  8:14  Roach x4  
  116  8:16  Zergling x2  
  127  8:21  Zergling x6  
  127  8:24  Ravager  
  131  8:29  Extractor  
  131  8:33  Overlord  
  130  8:34  Zergling x4, Hatchery  
  130  8:37  Baneling x2  
  131  8:44  Zergling x4  
  131  8:45  Zergling x14  
  131  8:47  Hatchery  
  138  8:55  Centrifical Hooks  
  138  8:56  Overlord  
  138  8:57  Zergling x2  
  138  8:58  Zergling x4  
  138  9:02  Overlord  
  140  9:05  Zerg Melee Weapons Level 2  
  140  9:09  Drone  
  141  9:10  Extractor  
  141  9:12  Drone x2  
  141  9:13  Drone x3  
  145  9:21  Baneling  
  145  9:22  Baneling x5  
  145  9:23  Zergling x10  
  147  9:25  Baneling x2  
  121  9:40  Zergling x6  
  102  9:49  Zergling x2  
  102  9:50  Zergling x16  
  104  9:55  Zergling x4  
  103  10:02  Zergling x12  
  107  10:09  Zergling x6  
  107  10:11  Ravager x6  
  113  10:19  Zergling x2  
  113  10:20  Zergling x12  
  116  10:23  Zergling x4  
  114  10:36  Zergling x8  
  114  10:37  Zergling x6  
  114  10:40  Baneling x3  
  114  10:41  Baneling x2  
  121  10:48  Baneling x7  
  121  10:54  Baneling  
  121  10:55  Zergling x4, Baneling  
  122  10:58  Zergling x2  
  117  11:10  Zergling x10  
  83  11:19  Zergling x2  
  83  11:20  Zergling x8  
  77  11:30  Zergling x8  
  77  11:31  Zergling x4  
  79  11:38  Zergling x2  
  79  11:39  Zergling x6  
  80  11:43  Zergling x6  
  75  11:50  Zergling x8  
  75  11:59  Zergling x8  
  75  12:07  Zergling x10  
  73  12:16  Zergling x8  
  72  12:24  Zergling x8  
  72  12:29  Zergling x8  
Show
View Real Time Build Order
Export as new Build Order

PtitDrogo Protoss 

Build Orders: 1 Gate Expand, Zealot Archon, Dark Templar Rush 

Get SALT Encoding   

  12  0:01  Probe (Chrono Boost)  
  13  0:11  Probe (Chrono Boost)  
  14  0:17  Pylon  
  14  0:22  Probe (Chrono Boost)  
  16  0:35  Probe (Chrono Boost)  
  16  0:39  Gateway  
  16  0:46  Probe (Chrono Boost)  
  16  0:47  Assimilator  
  17  0:57  Probe (Chrono Boost)  
  18  1:07  Probe (Chrono Boost)  
  19  1:20  Nexus  
  19  1:23  Probe (Chrono Boost)  
  20  1:33  Cybernetics Core  
  20  1:36  Probe (Chrono Boost)  
  21  1:41  Assimilator  
  21  1:47  Probe (Chrono Boost)  
  21  1:51  Pylon  
  22  1:58  Probe (Chrono Boost)  
  23  2:03  Warp Gate  
  23  2:06  Adept  
  23  2:11  Probe (Chrono Boost)  
  28  2:24  Mothership Core (Chrono Boost)  
  28  2:33  Probe (Chrono Boost)  
  29  2:41  Twilight Council  
  29  2:42  Probe (Chrono Boost)  
  29  2:43  Probe (Chrono Boost)  
  31  2:53  Probe (Chrono Boost)  
  31  2:56  Probe (Chrono Boost)  
  33  2:59  Robotics Facility  
  33  3:03  Probe (Chrono Boost)  
  34  3:08  Probe (Chrono Boost), Gateway  
  35  3:14  Probe (Chrono Boost)  
  37  3:20  Probe (Chrono Boost)  
  37  3:27  Dark Shrine  
  37  3:29  Probe (Chrono Boost)  
  37  3:32  Probe (Chrono Boost)  
  39  3:34  Gateway  
  39  3:38  Gateway  
  39  3:41  Pylon  
  39  3:43  Probe (Chrono Boost)  
  39  3:47  Probe (Chrono Boost)  
  41  3:52  Immortal  
  41  3:54  Probe (Chrono Boost)  
  42  4:00  Assimilator  
  42  4:02  Assimilator  
  46  4:06  Probe (Chrono Boost)  
  46  4:09  Stalker  
  49  4:13  Probe (Chrono Boost)  
  51  4:18  Probe (Chrono Boost)  
  51  4:20  Pylon  
  52  4:25  Probe (Chrono Boost)  
  53  4:32  Probe (Chrono Boost)  
  53  4:37  Probe (Chrono Boost)  
  53  4:40  Dark Templar x2  
  53  4:44  Probe (Chrono Boost), Dark Templar  
  60  4:55  Pylon, Probe (Chrono Boost)  
  60  4:56  Pylon, Probe (Chrono Boost)  
  62  5:08  Immortal  
  62  5:24  Gateway  
  62  5:26  Gateway  
  62  5:28  Gateway  
  62  5:29  Gateway  
  62  5:32  Sentry x3  
  68  5:40  Dark Templar  
  70  5:43  Pylon  
  70  5:50  Nexus  
  70  5:54  Pylon  
  70  5:56  Warp Prism  
  70  5:57  Archon  
  70  6:03  Pylon  
  72  6:05  Sentry  
  72  6:06  Pylon, Sentry x2  
  78  6:22  Adept x3  
  84  6:26  Stalker x2  
  84  6:30  Observer  
  89  6:36  Pylon  
  89  6:37  Pylon  
  83  6:51  Stalker x4  
  83  6:52  Adept x4  
  96  7:14  Sentry x2  
  96  7:15  Zealot x3  
  104  7:17  Immortal  
  104  7:21  Nexus  
  108  7:28  Pylon  
  104  7:42  Zealot x3, Stalker x2  
  89  7:51  Adept x3  
  95  8:01  Probe x2 (Chrono Boost)  
  97  8:09  Resonating Glaives  
  98  8:13  Probe (Chrono Boost)  
  98  8:18  Immortal, Probe (Chrono Boost)  
  98  8:19  Forge  
  99  8:25  Probe (Chrono Boost)  
  104  8:30  Adept x4  
  112  8:39  Pylon  
  114  8:42  Probe x3 (Chrono Boost)  
  114  8:43  Sentry  
  114  8:44  Sentry  
  119  8:54  Zealot, Probe (Chrono Boost), Protoss Ground Weapons Level 1  
  122  8:56  Immortal  
  122  9:02  Adept, Sentry x2  
  127  9:05  Probe x2 (Chrono Boost)  
  129  9:13  Sentry  
  129  9:15  Adept  
  133  9:35  Adept x6  
  133  9:36  Adept  
  107  10:03  Adept x7  
  121  10:07  Immortal  
  107  10:26  Assimilator  
  107  10:27  Probe x2 (Chrono Boost), Assimilator  
  98  10:41  Immortal  
  98  10:45  Adept x7  
  114  10:50  Photon Cannon  
  114  10:56  Stalker  
  108  11:10  Adept x7  
  80  11:25  Stalker  
  59  11:37  Dark Templar x2  
  59  11:38  Dark Templar x2, Adept x2  
  67  11:43  Archon x2  
  59  11:54  Adept x2  
  58  12:02  Adept x2  
  55  12:16  Dark Templar x2  
  55  12:20  Archon  
Tags
 
Add a new tag
Caveats
  • Supply blocks, unpowered buildings, or Contaminate may cause inaccurate times.
  • Supply counts are checked every 10 seconds.